 Dungeon Crawl Stone Soup version 0.32-a0-779-g362cfcae2a (webtiles) character file.

Game seed: 12369340999280132843

166500 cforsyth the Severer (level 17, -7/159 HPs)
             Began as a Mountain Dwarf Cinder Acolyte on Mar 19, 2024.
             Was a High Priest of Ignis.
             Killed from afar by Bai Suzhen (45 damage)
             ... with a torrent of water
             ... on level 3 of the Spider Nest on Mar 20, 2024.
             The game lasted 01:18:40 (44497 turns).

cforsyth the Severer (MDCA)                        Turns: 44497, Time: 01:18:41

Health: -7/159     AC: 31    Str: 29    XL:     17   Next: 29%
Magic:  23/23      EV:  7    Int: 17    God:    Ignis [*****.]
Gold:   2073       SH: 10    Dex:  5    Spells: 17/24 levels left

rFire   + . .        b - +9 war axe "Ogrebane" {freeze, +Blink Will+}
rCold   + . .        t - +0 kite shield
rNeg    . . .        C - +3 plate armour {rC+}
rPois   +            e - +2 helmet {SInv}
rElec   .            L - +0 cloak
rCorr   .            d - +2 pair of gloves {Stlth+}
SInv    +            I - +0 pair of boots
Will    ++...        V - amulet of regeneration Stlth
                     S - +6 ring of strength
HPRegen 1.26/turn    P - ring of poison resistance
MPRegen 0.18/turn

%: no passive effects
@: hasted, studying 2 skills, slow
A: runic magic, artefact enchanting
a: Renounce Religion, Evoke Blink, Fiery Armour, Foxfire Swarm, Rising Flame


You were on level 3 of the Spider Nest.
You worshipped Ignis.
Ignis was extremely pleased with you.
You visited 4 branches of the dungeon, and saw 26 of its levels.
You also visited: Ice Cave and Volcano.

You collected 2143 gold pieces.
You spent 70 gold pieces at shops.


Innate Abilities, Weirdness & Mutations

Your spellcasting is much less encumbered by armour.
You can use scrolls of enchantment on lesser artefacts.


   Skills:
 + Level 16.5 Fighting
 + Level 17.9 Axes
 + Level 16.2 Armour
 - Level 12.0 Shields
 - Level 4.0 Spellcasting
 + Level 9.8 Necromancy
 - Level 9.0 Fire Magic
 + Level 14.6 Earth Magic


You had 17 spell levels left.
You knew the following spells:

 Your Spells              Type           Power      Damage    Failure   Level
b - Borgnjor's Vile Clut  Necr/Erth      22%        N/A       7%          5
X - Scorch                Fire           68%        2d7       1%          2

Your spell library contained the following spells:

 Spells                   Type           Power      Damage    Failure   Level
 Necrotise                Necr           100%       1d9       1%          1
 Passwall                 Erth           52%        N/A       1%          3
 Inner Flame              Hex/Fire       18%        N/A       17%         3
 Apportation              Tloc           6%         N/A       34%         1
 Sting                    Conj/Alch      12%        1d3       34%         1
 Summon Small Mammal      Summ           12%        N/A       34%         1
 Ensorcelled Hibernation  Hex/Ice        6%         N/A       47%         2
 Mercury Vapours          Alch/Air       6%         N/A       47%         2
 Ignite Poison            Fire/Alch      18%        N/A       50%         4
 Death Channel            Necr           18%        N/A       67%         6
 Frozen Ramparts          Ice            6%         1d1       71%         3
 Gell's Gravitas          Tloc           3%         N/A       71%         3
 Hailstorm                Conj/Ice       3%         3d5       71%         3
 Ozocubu's Armour         Ice            3%         N/A       71%         3
 Sigil of Binding         Hex            3%         N/A       71%         3
 Summon Ice Beast         Ice/Summ       3%         N/A       71%         3
 Swiftness                Air            3%         N/A       71%         3
 Teleport Other           Tloc           3%         N/A       71%         3
 Permafrost Eruption      Ice/Erth       14%        2x4d5     95%         6
 Olgreb's Toxic Radiance  Alch           3%         N/A       98%         4
 Passage of Golubria      Tloc           3%         N/A       98%         4
 Freezing Cloud           Conj/Ice/Air   1%         6-21      100%        5
 Irradiate                Conj/Alch      1%         3d12      100%        5
 Metabolic Englaciation   Hex/Ice        1%         N/A       100%        5
 Silence                  Hex/Air        1%         N/A       100%        5
 Summon Mana Viper        Hex/Summ       3%         N/A       100%        5
 Dispersal                Tloc           1%         N/A       100%        6
 Sculpt Simulacrum        Ice/Alch       1%         N/A       100%        6
 Monstrous Menagerie      Summ           1%         N/A       100%        7
 Ozocubu's Refrigeration  Ice            1%         4d7       100%        7
 Discord                  Hex            1%         N/A       100%        8
 Ignition                 Fire           17%        3d7       100%        8
 Lehudib's Crystal Spear  Conj/Erth      14%        10d5      100%        8
 Shatter                  Erth           26%        3d22*     100%        9

Inventory:

Hand Weapons
 a - a -1 hand axe of flaming
 b - the +9 war axe "Ogrebane" (weapon) {freeze, +Blink Will+}
   (You took it off a centaur on level 11 of the Dungeon)

   Will+:     It increases your willpower.
   +Blink:    It lets you blink.
 E - a +2 vampiric broad axe
Armour
 c - the +3 scale mail of Incorporation {Dex+4 Slay+2}
   (You found it on level 4 of the Dungeon)

   Dex+4:     It affects your dexterity (+4).
   Slay+2:    It affects your accuracy & damage with ranged weapons and melee
   (+2).
 d - a +2 pair of gloves of stealth (worn)
 e - a +2 helmet of see invisible (worn)
 t - a +0 kite shield (worn)
 C - a +3 plate armour of cold resistance (worn)
 I - a +0 pair of boots (worn)
 L - a +0 cloak (worn)
Magical Staves
 H - a staff of air {!a}
Jewellery
 N - the ring "Avotaziemu" {Fire Will+ Int+2}
   (You found it on level 5 of the Lair of Beasts)

   [ring of fire]

   Fire:      It enhances your fire magic.
   Int+2:     It affects your intelligence (+2).
   rF+:       It protects you from fire.
   rC-:       It makes you vulnerable to cold.
   Will+:     It increases your willpower.
 P - a ring of poison resistance (right hand)
 S - a +6 ring of strength (left hand)
 V - an amulet of regeneration (around neck)
Wands
 h - a wand of paralysis (11)
 s - a wand of warping (15)
 z - a wand of mindburst (12)
 A - a wand of flame (16)
 B - a wand of quicksilver (17)
 T - a wand of digging (5)
Scrolls
 g - 12 scrolls of teleportation {@r2}
 i - 6 scrolls of enchant armour
 l - 2 scrolls of fog
 m - 6 scrolls of poison
 o - 2 scrolls of immolation
 p - 5 scrolls of enchant weapon
 u - 7 scrolls of amnesia
 v - 2 scrolls of vulnerability
 G - 8 scrolls of noise
 J - a scroll of fear
 Z - 2 scrolls of blinking
Potions
 f - 2 potions of cancellation
 j - 12 potions of ambrosia
 k - 6 potions of mutation
 n - 2 potions of berserk rage {!q}
 q - a potion of heal wounds {@q2}
 r - 8 potions of curing {@q1}
 w - 6 potions of lignification
 x - a potion of enlightenment
 K - 2 potions of might
 O - a potion of attraction
 Q - 2 potions of haste {@q3}
 R - 2 potions of invisibility
 Y - a potion of magic
Miscellaneous
 y - a lightning rod (2/4)
 D - a sack of spiders
 U - a phial of floods
 W - a condenser vane
 X - a phantom mirror (inert)

Dungeon Overview and Level Annotations

Branches:
Dungeon (15/15)            Temple (0/1) D:5            Lair (5/5) D:10
  Swamp (0/4) Lair:3       Spider (4/4) Lair:3        Slime (0/5) Lair:4
    Orc (2/2) D:12            Elf (0/3) Orc:2        Vaults (0/5) D:13
 Depths (0/4) D:15          IceCv (visited)         Volcano (visited)

Altars:
Cheibriados
Dithmenos
Elyvilon
Fedhas
Gozag
Nemelex Xobeh
Sif Muna
Uskayaw
Beogh
Jiyva
Lugonu

Shops:
D:2 ?   D:5 :   D:6 ==   D:7 :   Orc:2 ![=

Portals:
Abyss: Lair:5

Annotations:
Spider:3 Bai Suzhen

###..........^..................
#..#........#####..[............
#.#.......>.## ###...........[.
##............# ##.#............
#.............####.###......^...#
#.#...............>#####.......^#
###..........####^^..#####...^.#.
^.#...^.....###~§D§....#####..#..
#...####...###.~@§§......###..#..
##.## ###.###.~~~........##.....
#### ##..##...^...............
#.# ####....##.............#....
..####........#^............###..
#.#..........##.#..........#..###
#............###...#######..#.# #
#.#.^........####..#### ####.##
#...........###.......## ##.#


You could see Bai Suzhen (clouds, catching breath).


Message History

Bai Suzhen claws you but does no damage.
Bai Suzhen tramples you but does no damage.
Unknown command.
Unknown command.
Your unstable footing causes you to fumble your attack.
The eight-headed hydra disappears in a puff of smoke!
Bai Suzhen bites you but does no damage.
Bai Suzhen claws you.
* * * LOW HITPOINT WARNING * * *
Bai Suzhen tramples you but does no damage.
Unknown command.
Your unstable footing causes you to fumble your attack.
You are engulfed in a thunderstorm.
* * * LOW HITPOINT WARNING * * *
You block Bai Suzhen's attack. x2
Bai Suzhen tramples you but does no damage.
Unknown command.
You hit Bai Suzhen but do no damage.
Bai Suzhen is severely wounded.
Unknown command.
Okay, then.
You feel much better. Bai Suzhen bites you.
* * * LOW HITPOINT WARNING * * *
Bai Suzhen claws you but does no damage.
Bai Suzhen tramples you but does no damage.
You feel yourself speed up.
You are engulfed in a thunderstorm.
Bai Suzhen breathes water at you. The torrent of water hits you!!!
You die...
Ignis goes out, and joins you in death.

Skill      XL: |  1  2  3  4  5  6  7  8  9 10 11 12 13 14 15 16 17 |
---------------+----------------------------------------------------+-----
Armour         | 2 3 4 5 6 8 9 10 12 13 14 15 16 | 16.2
Axes           | 4 5 6 7 8 9 11 12 14 15 16 17 | 17.9
Fighting       | 4 5 6 7 9 10 11 12 14 15 16 | 16.5
Spellcasting   | 2 3 4 |  4.0
Fire Magic     | 4 5 6 7 8 9 |  9.0
Shields        | 1 4 6 9 12 | 12.0
Earth Magic    | 3 5 8 10 11 13 14 | 14.6
Necromancy     | 5 8 9 |  9.8

Action                     |  1- 3 |  4- 6 |  7- 9 | 10-12 | 13-15 | 16-18 || total
---------------------------+-------+-------+-------+-------+-------+-------++-------
  Melee: Hand axe          |    51 |    26 |    63 |   142 |    40 |       ||   322
         War axe           |       |       |       |   108 |  1027 |   718 ||  1853
   Cast: Scorch            |    16 |    60 |   176 |   413 |   291 |    77 ||  1033
  Evoke: Wand              |       |       |     4 |     8 |    12 |     1 ||    25
         Lightning rod     |       |       |       |     8 |     7 |     2 ||    17
         Phantom mirror    |       |       |       |       |     1 |     1 ||     2
    Use: Scroll            |       |     4 |     9 |     8 |    14 |     4 ||    39
         Potion            |       |       |       |       |     1 |     8 ||     9
   Stab: Paralysed         |       |       |       |     7 |       |       ||     7
 Armour: Robe              |    21 |       |       |       |       |       ||    21
         Chain mail        |    46 |    43 |       |       |       |       ||    89
         Scale mail        |       |    14 |   178 |   537 |  1071 |   268 ||  2068
         Skin              |       |       |       |     2 |       |       ||     2
         Plate armour      |       |       |       |       |       |   640 ||   640
  Dodge: Dodged            |    37 |    25 |    89 |   172 |   399 |   278 ||  1000
  Block: Kite shield       |       |       |    48 |   316 |   712 |   489 ||  1565

Levels and vault maps discovered:
D:1:      dpeg_arrival_tiny_a, layout_basic
D:2:      layout_basic, chequers_ecumenical_altar_simple, serial_shops,
          nicolae_shop_tiny_real_fake_doors, uniq_sigmund
D:3:      layout_rooms, uniq_ijyb
D:4:      minmay_wonky_spiral, layout_basic
D:5:      layout_basic, nicolae_overflow_hidden_temple,
          minmay_temple_entry_enclosed_plants, nicolae_custom_books,
          uniq_menkaure
D:6:      layout_basic, gammafunk_ghost_necromancy, serial_shops, shop,
          nicolae_shop_trees
D:7:      layout_rooms, nemelex_spade_bored_becter, serial_shops,
          nicolae_shop_mannequins
D:8:      layout_rooms, minitemple, minmay_evil_grid
D:9:      layout_cross, kennysheep_slug_shrine, uniq_psyche
D:10:     layout_grid_maze, chequers_temple_overflow_statue_of_worship,
          dpeg_oklobed_lair, gammafunk_ghost_ooze, minivault_20
D:11:     layout_stronghold
D:12:     cheibrodos_helix_gallery, layout_long_grid, david_orc_2, uniq_nessos,
          uniq_maurice
D:13:     layout_gridville, erik_vaults_1, amcnicky_mini_pool_small,
          dk_noncrumbling_3
D:14:     layout_grid_maze, kennysheep_decorative_pillar, minmay_statues_item,
          uniq_louise
D:15:     grunt_enter_depths_snipers, layout_rooms, serial_bayou_pond_d,
          elyvilon_altar_5
Lair:1:   layout_misc_corridors, grunt_megastairs_1, uniq_sonja
Lair:2:   layout_chaotic_city, nicolae_lair_grove_arrangements, ldierk_geyser,
          uniq_gastronok
Lair:3:   layout_chaotic_city, swamp_mist_pool,
          hellmonk_spider_entry_life_and_decay, kennysheep_rathole
Lair:4:   layout_misc_corridors, nicolae_slime_entry_slimehenge,
          infiniplex_staircase_pool_2
Lair:5:   hellmonk_lair_end_abyssal_woods, layout_cave_pods,
          nicolae_volcano_entry_two_sided
Spider:1: layout_spider_delve, nicolae_spider_swamp_cousins
Spider:2: nicolae_spider_brood_tunnel, portal_ice_cave_entry_pillars_2
Spider:3: layout_chambers
Spider:4: guppyfry_spider_rune, nicolae_spider_orb_run, uniq_mara,
          uniq_bai_suzhen
Orc:1:    layout_diamond_mine, special_room [special_room_bee], uniq_josephine
Orc:2:    st_orc_pillars, layout_caves, basic_altar

Notes
Turn   | Place    | Note
-------+----------+-------------------------------------------
     0 | D:1      | cforsyth the Mountain Dwarf Cinder Acolyte began the quest
                  | for the Orb.
     0 | D:1      | Reached XP level 1. HP: 19/19 MP: 2/2
   205 | D:1      | Reached XP level 2. HP: 26/26 MP: 3/3
   208 | D:1      | Learned a level 2 spell: Scorch
   840 | D:2      | Reached skill level 1 in Armour
   967 | D:2      | Noticed Sigmund
  1007 | D:2      | Reached skill level 4 in Axes
  1165 | D:2      | Killed Sigmund
  1166 | D:2      | Reached skill level 4 in Fighting
  1166 | D:2      | Reached skill level 2 in Armour
  1166 | D:2      | Reached skill level 2 in Spellcasting
  1166 | D:2      | Reached skill level 4 in Fire Magic
  1166 | D:2      | Reached XP level 3. HP: 33/33 MP: 0/6
  1166 | D:2      | Reached XP level 4. HP: 40/40 MP: 0/7
  1166 | D:2      | Reached XP level 5. HP: 46/46 MP: 0/8
  1295 | D:2      | Found a faded altar of an unknown god.
  1614 | D:2      | Found Qialos's Magic Scroll Shop.
  1617 | D:2      | Bought a scroll of teleportation for 42 gold pieces
  1617 | D:2      | Bought a scroll of identify for 28 gold pieces
  2307 | D:3      | Noticed Ijyb
  2311 | D:3      | Killed Ijyb
  2861 | D:4      | Reached XP level 6. HP: 53/53 MP: 4/9
  2929 | D:4      | Identified the +3 scale mail of Incorporation {Dex+4
                  | Slay+2}
  3142 | D:4      | Reached skill level 5 in Axes
  3142 | D:4      | Reached skill level 5 in Fire Magic
  3146 | D:4      | Reached skill level 3 in Armour
  3772 | D:5      | Entered Level 5 of the Dungeon
  3779 | D:5      | Found Cutiugaph's Self-Published Books.
  3780 | D:5      | Noticed an ice beast
  3793 | D:5      | Killed an ice beast
  3794 | D:5      | Reached XP level 7. HP: 60/60 MP: 3/11
  3881 | D:5      | Identified the +0 spear of Causality {elec, Will+ Str+2
                  | Int+4}
  3887 | D:5      | Reached skill level 5 in Fighting
  3911 | D:5      | Reached skill level 3 in Spellcasting
  4516 | D:5      | Found an opulent altar of Gozag.
  4696 | D:5      | Reached skill level 4 in Armour
  4817 | D:5      | Reached skill level 6 in Axes
  5017 | D:4      | Reached skill level 6 in Fire Magic
  5275 | D:5      | Found a staircase to the Ecumenical Temple.
  5287 | D:5      | Noticed Menkaure
  5304 | D:5      | Killed Menkaure
  5305 | D:5      | Reached XP level 8. HP: 70/70 MP: 6/13
  5438 | D:6      | Found Duokhuuh's Jewellery Shop.
  6329 | D:6      | Reached skill level 6 in Fighting
  6404 | D:6      | Found Iheddoz's Jewellery Emporium.
  6494 | D:6      | Found a runed translucent gate.
  6494 | D:6      | Found a runed translucent gate.
  6494 | D:6      | Found a runed translucent gate.
  6495 | D:6      | Noticed avangion's ghost (amateur GrEE)
  6650 | D:6      | Identified the +1 robe of Spite {+Blink rPois Dex-3 Slay+4}
  6830 | D:7      | Identified a scroll of acquirement
  6942 | D:7      | Reached skill level 4 in Spellcasting
  6943 | D:7      | Reached skill level 5 in Armour
  7118 | D:6      | Reached skill level 7 in Axes
  7159 | D:6      | Reached skill level 1 in Shields
  7159 | D:6      | Reached skill level 7 in Fire Magic
  7360 | D:7      | Reached XP level 9. HP: 78/78 MP: 10/15
  7472 | D:7      | Reached skill level 2 in Shields
  7637 | D:7      | Found Midwuw's Book Emporium.
  7637 | D:7      | Noticed a walking divine tome
  7638 | D:7      | Noticed a walking crystal tome
  7760 | D:7      | Found a sparkling altar of Nemelex Xobeh.
  8314 | D:7      | Reached skill level 7 in Fighting
  8443 | D:8      | Reached skill level 6 in Armour
  8502 | D:8      | Reached skill level 3 in Shields
  8813 | D:8      | Found a blossoming altar of Fedhas.
  8818 | D:8      | Found a shimmering blue altar of Sif Muna.
  8882 | D:8      | Noticed a meliai
  8888 | D:8      | Killed a meliai
  8889 | D:8      | Reached skill level 8 in Axes
  8889 | D:8      | Reached skill level 8 in Fire Magic
  9021 | D:8      | Noticed a manticore
  9025 | D:8      | Noticed a troll
  9034 | D:8      | Killed a manticore
  9035 | D:8      | Reached skill level 4 in Shields
  9036 | D:8      | Killed a troll
  9213 | D:8      | Paralysed by a hornet for 1 turns
  9215 | D:8      | Reached XP level 10. HP: 41/88 MP: 6/16
  9379 | D:8      | Reached skill level 7 in Armour
  9750 | D:8      | Noticed a centaur warrior
  9758 | D:8      | Killed a centaur warrior
  9759 | D:8      | Reached skill level 8 in Fighting
  9846 | D:8      | Noticed a white ugly thing
  9884 | D:8      | Killed a white ugly thing
  9885 | D:8      | Reached skill level 9 in Axes
  9885 | D:8      | Reached skill level 5 in Shields
  9885 | D:8      | Reached skill level 9 in Fire Magic
 10010 | D:8      | Got the Writings on Distillation and Scree
 10265 | D:8      | Noticed an orange demon
 10274 | D:8      | Reached skill level 1 in Earth Magic
 10346 | D:9      | Noticed Psyche
 10379 | D:9      | Found a snail-covered altar of Cheibriados.
 10381 | D:9      | Noticed a two-headed ogre
 10565 | D:9      | a two-headed ogre changed into a redback
 10566 | D:9      | Killed Psyche
 10633 | D:9      | Reached skill level 2 in Earth Magic
 11364 | D:9      | Reached skill level 8 in Armour
 11364 | D:9      | Reached skill level 6 in Shields
 11574 | D:10     | Entered Level 10 of the Dungeon
 11576 | D:10     | Acquired a manual of Shields
 11584 | D:10     | Noticed a centaur warrior
 12005 | D:10     | Reached skill level 3 in Earth Magic
 12012 | D:10     | Reached skill level 9 in Fighting
 12500 | D:11     | Reached XP level 11. HP: 30/97 MP: 11/17
 12545 | D:11     | Reached skill level 10 in Axes
 12783 | D:10     | Found a staircase to the Lair.
 12785 | D:10     | Noticed an oklob plant
 12834 | D:10     | Found a hide-covered altar of Uskayaw.
 12834 | D:10     | Found a shadowy altar of Dithmenos.
 12850 | D:10     | Paralysed by an orc priest for 2 turns
 12945 | D:10     | Found a runed translucent gate.
 12946 | D:10     | Found a runed translucent gate.
 12946 | D:10     | Found a runed translucent gate.
 12956 | D:10     | Noticed Malificent's ghost (novice MDAr)
 12996 | D:11     | Noticed a two-headed ogre
 13007 | D:10     | Reached skill level 7 in Shields
 13373 | D:10     | Reached skill level 4 in Earth Magic
 13760 | D:10     | Killed a centaur warrior
 13955 | D:10     | Found a viscous altar of Jiyva.
 14286 | D:11     | Identified the +9 war axe "Ogrebane" {freeze, +Blink Will+}
 14326 | D:11     | Noticed a two-headed ogre
 14332 | D:11     | Killed a two-headed ogre
 14461 | D:11     | Killed a two-headed ogre
 14462 | D:11     | Reached skill level 9 in Armour
 14462 | D:11     | Reached skill level 8 in Shields
 14697 | D:11     | Reached skill level 5 in Earth Magic
 15263 | D:11     | Noticed a two-headed ogre
 15272 | D:11     | Killed a two-headed ogre
 15498 | D:11     | Reached skill level 10 in Fighting
 15498 | D:11     | Reached skill level 9 in Shields
 16123 | D:11     | Reached skill level 11 in Axes
 16528 | D:12     | Noticed a purple ugly thing
 16545 | D:12     | Killed a purple ugly thing
 16820 | D:11     | Reached XP level 12. HP: 79/106 MP: 18/18
 16903 | D:12     | Reached skill level 6 in Earth Magic
 17271 | D:12     | Noticed Nessos
 17658 | D:12     | Killed Nessos
 17659 | D:12     | Reached skill level 10 in Shields
 17756 | D:12     | Found a staircase to the Orcish Mines.
 18543 | D:12     | Reached skill level 10 in Armour
 19144 | D:12     | Noticed a boulder beetle
 19157 | D:12     | Killed a boulder beetle
 19640 | D:12     | Reached skill level 11 in Shields
 19640 | D:12     | Reached skill level 7 in Earth Magic
 19762 | D:12     | Noticed Maurice
 19770 | D:12     | Killed Maurice
 20077 | D:13     | Reached skill level 11 in Fighting
 20176 | D:13     | Reached skill level 12 in Axes
 20503 | D:13     | Noticed a six-headed hydra
 20746 | D:6      | Killed avangion's ghost
 21057 | Lair:1   | Entered Level 1 of the Lair of Beasts
 21622 | Lair:1   | Noticed Sonja
 21643 | Lair:1   | Killed Sonja
 21988 | Lair:1   | Reached skill level 12 in Shields
 22290 | Lair:2   | Noticed a four-headed hydra
 22368 | Lair:2   | Killed a one-headed hydra
 22369 | Lair:2   | Reached skill level 8 in Earth Magic
 22369 | Lair:2   | Reached XP level 13. HP: 80/116 MP: 19/19
 22490 | Lair:2   | Reached skill level 11 in Armour
 22514 | Lair:2   | HP: 10/116 [poisoned by a cane toad]
 22519 | Lair:2   | HP: 7/116 [poisoned by a cane toad]
 23133 | Lair:2   | Noticed Gastronok
 23870 | Lair:2   | Killed Gastronok
 24504 | Lair:2   | Reached skill level 12 in Fighting
 24504 | Lair:2   | Reached skill level 13 in Axes
 25069 | Lair:3   | You fall into a shaft and drop 2 floors!
 25069 | Lair:5   | Entered Level 5 of the Lair of Beasts
 25127 | Lair:5   | Reached skill level 9 in Earth Magic
 25333 | Lair:5   | Reached skill level 12 in Armour
 25366 | Lair:5   | Found a dark tunnel.
 25373 | Volcano  | Entered a volcano
 26119 | Lair:5   | Reached skill level 10 in Earth Magic
 26266 | Lair:5   | Reached skill level 14 in Axes
 26267 | Lair:5   | Reached XP level 14. HP: 118/127 MP: 14/20
 26538 | Lair:5   | Identified a potion of resistance
 26631 | Lair:5   | Reached skill level 13 in Fighting
 26729 | Lair:5   | Identified the ring "Avotaziemu" {Fire Will+ Int+2}
 27223 | Lair:5   | Found a corrupted altar of Lugonu.
 27223 | Lair:5   | Found a one-way gate to the infinite horrors of the Abyss.
 27886 | Lair:4   | Found a staircase to the Slime Pits.
 28445 | Lair:4   | Reached skill level 13 in Armour
 28756 | Lair:3   | Reached skill level 11 in Earth Magic
 28859 | Lair:3   | Found a staircase to the Swamp.
 29191 | Lair:3   | Found a hole to the Spider Nest.
 29883 | Orc:1    | Entered Level 1 of the Orcish Mines
 29954 | Orc:2    | Entered Level 2 of the Orcish Mines
 29954 | Orc:2    | Found a roughly hewn altar of Beogh.
 29970 | Orc:1    | Reached skill level 15 in Axes
 30947 | Orc:1    | Reached skill level 14 in Fighting
 31128 | Orc:1    | Noticed Josephine
 31405 | Orc:1    | Killed Josephine
 31753 | Orc:2    | Found a staircase to the Elven Halls.
 32046 | Orc:1    | You fall into a shaft and drop 1 floor!
 32445 | Orc:2    | Reached XP level 15. HP: 138/138 MP: 13/21
 32890 | Orc:1    | Reached skill level 1 in Necromancy
 33183 | Orc:1    | Learned a level 5 spell: Borgnjor's Vile Clutch
 33623 | Orc:2    | Reached skill level 12 in Earth Magic
 33695 | Orc:2    | Found Ammip's Jewellery Shoppe.
 33698 | Orc:2    | Found Seer's Armour Shoppe.
 33699 | Orc:2    | Found Muet's Distillery.
 33700 | Orc:2    | Found Gutitetu's Armour Emporium.
 33948 | D:9      | Killed Malificent's ghost
 33949 | D:9      | Reached skill level 14 in Armour
 33949 | D:9      | Reached skill level 2 in Necromancy
 34314 | D:13     | Found a gate to the Vaults.
 34409 | D:13     | Reached skill level 3 in Necromancy
 35356 | D:14     | Noticed Louise
 35366 | D:14     | Killed Louise
 35367 | D:14     | Reached skill level 16 in Axes
 35386 | D:14     | Reached skill level 4 in Necromancy
 35926 | D:15     | Entered Level 15 of the Dungeon
 36210 | D:15     | Reached skill level 15 in Fighting
 36512 | D:15     | Identified the +2 robe of the Forgotten Lovers {Rampage
                  | Dex+4 SInv}
 36567 | D:15     | Found a white marble altar of Elyvilon.
 36631 | D:15     | Reached skill level 5 in Necromancy
 36657 | D:15     | Found a staircase to the Depths.
 36657 | D:15     | Noticed a frost giant
 36665 | D:15     | Killed a frost giant
 36889 | D:15     | Reached skill level 13 in Earth Magic
 37137 | Spider:1 | Entered Level 1 of the Spider Nest
 37398 | Lair:3   | Reached XP level 16. HP: 108/149 MP: 22/22
 38040 | Lair:3   | Reached skill level 15 in Armour
 38693 | Spider:1 | HP: 11/149 [death scarab (22)]
 38781 | Spider:1 | Reached skill level 6 in Necromancy
 38851 | Spider:2 | Found a glacial archway.
 38857 | IceCv    | Entered an ice cave
 39161 | IceCv    | Reached skill level 17 in Axes
 39402 | IceCv    | Found an ancient bone altar of Kikubaaqudgha.
 39782 | IceCv    | Identified a +0 leather armour of resistance
 40069 | IceCv    | Noticed a lich
 40085 | IceCv    | Killed a lich
 40086 | IceCv    | Reached skill level 7 in Necromancy
 40190 | IceCv    | Identified the +5 shortbow "Feumpad" {freeze, rElec rF+
                  | MP-9 Int+3}
 40193 | IceCv    | Got the Parchment of Congelation
 40460 | Spider:2 | Reached skill level 16 in Fighting
 40626 | Spider:1 | Reached skill level 14 in Earth Magic
 41074 | Spider:2 | Reached skill level 8 in Necromancy
 41538 | Spider:2 | Reached XP level 17. HP: 111/158 MP: 23/23
 42042 | Spider:3 | Reached skill level 16 in Armour
 42050 | Spider:3 | Reached skill level 9 in Necromancy
 43018 | Spider:4 | Entered Level 4 of the Spider Nest
 43811 | Spider:4 | Noticed Bai Suzhen
 44497 | Spider:3 | Killed from afar by Bai Suzhen

Vanquished Creatures
  A lich (IceCv)
  Gastronok (Lair:2)
  A frost giant (D:15)
  2 emperor scorpions (Spider:3)
  A ghost moth (Spider:2)
  Louise (D:14)
  4 broodmothers (Spider:2)
  2 very ugly things (IceCv)
  Nessos (D:12)
  3 spark wasps
  4 entropy weavers
  Josephine (Orc:1)
  7 hydras
  A caustic shrike simulacrum (IceCv)
  4 radroaches
  An ogre mage (D:15)
  7 two-headed ogres
  A ghost crab (Spider:1)
  A vault guard (D:13)
  A jorogumo (Spider:1)
  5 boulder beetles
  4 centaur warriors
  2 tengu warriors (D:15)
  A dancing weapon (D:13)
  The ghost of Malificent the Cleaver, a novice MDAr of the Shining One (D:9)
  A death scarab (Spider:1)
  6 demonic crawlers
  6 orc high priests
  3 thrashing horrors (Lair:5)
  Sonja (Lair:1)
  5 skeletal warriors
  A skyshark (Lair:3)
  A fire crab (Lair:5)
  6 pharaoh ants
  A bog body (IceCv)
  3 lindwurms
  6 orb spiders
  A spriggan simulacrum (IceCv)
  5 steelbarb worms
  A necromancer (IceCv)
  An obsidian statue (IceCv)
  2 deep elf archers (Volcano)
  6 deep elf pyromancers
  A harpy (shapeshifter) (Lair:5)
  9 orc knights
  11 wolf spiders
  An orc sorcerer (Orc:1)
  17 ugly things
  6 manticores
  A cyclops (D:11)
  4 elephants (Lair:3)
  2 kobold blastminers (Orc:1)
  An oklob plant (D:10)
  Maurice (D:12)
  A meliai (D:8)
  4 black mambas
  A moth of wrath (Spider:3)
  4 torpor snails
  A smoke demon (Lair:5)
  3 gargoyles
  An unseen horror zombie (D:6)
  An unseen horror (D:12)
  4 large abominations (Lair:5)
  8 cane toads
  6 komodo dragons
  3 kobold demonologists
  17 freezing wraiths
  4 anaconda simulacra (IceCv)
  3 rime drakes
  5 yaktaurs (D:15)
  Psyche (D:9)
  2 efreet
  2 tengu conjurers (D:12)
  4 ice devils (IceCv)
  2 golden dragon simulacra (IceCv)
  A queen bee (Orc:1)
  5 trolls
  3 tyrant leeches (Spider:1)
  17 tarantellas
  2 alligator simulacra (IceCv)
  A hornet (D:8)
  30 blink frogs
  2 raiju (Lair:5)
  6 dream sheep
  11 jumping spiders
  A jumping spider (shapeshifter) (Lair:5)
  4 dire elephant simulacra (IceCv)
  The ghost of avangion the Digger, an amateur GrEE (D:6)
  19 culicivoras
  A water elemental (D:12)
  Sigmund (D:2)
  2 shadows
  A yak (shapeshifter) (Lair:5)
  24 slime creatures
  A spriggan (Lair:5)
  11 small abominations (Lair:5)
  7 basilisks
  A ynoxinul (Lair:5)
  5 wraiths
  A warg (Orc:1)
  3 wyverns
  4 fire elementals (Volcano)
  59 yaks
  54 redbacks
  13 vampire mosquitoes
  2 chaos spawn (Lair:5)
  Menkaure (D:5)
  3 harpy simulacra (IceCv)
  5 acid dragons
  A hydra simulacrum (IceCv)
  11 water moccasins
  A water moccasin (shapeshifter) (D:15)
  34 orc warriors
  4 hell hounds (Volcano)
  2 black bears
  3 ice beasts
  2 laughing skulls (D:15)
  11 ogres
  2 ettin simulacra (IceCv)
  16 centaurs
  A phantom (D:4)
  3 kobold brigands
  11 bullfrogs
  A deep troll simulacrum (IceCv)
  2 scorpions
  A gnoll sergeant (D:6)
  5 wights (D:9)
  26 killer bees
  4 lindwurm simulacra (IceCv)
  An electric eel (Lair:3)
  8 howler monkeys
  A bombardier beetle (D:5)
  5 hounds
  10 jellies
  23 orc priests
  3 iguanas
  A sleepcap (D:8)
  2 gnoll boudas
  Ijyb (D:3)
  17 orc wizards
  2 hell rats (Lair:3)
  A centaur simulacrum (D:6)
  10 gnolls
  A howler monkey skeleton (D:6)
  10 adders
  8 river rats (Lair:3)
  2 shadow imps (D:6)
  A white imp (D:6)
  2 ribbon worms
  2 dart slugs
  78 orcs
  8 bats
  12 endoplasms
  11 giant cockroaches
  4 goblins
  2 hobgoblins
  7 kobolds
  3 quokkas
  8 ball pythons
  3 frilled lizards
  5 rats
940 creatures vanquished.

Vanquished Creatures (others)
  A tyrant leech (Spider:1)
  An orc wizard (Orc:1)
  2 orcs (Orc:2)
4 creatures vanquished.

Grand Total: 944 creatures vanquished

Table legend: (Time is in decaauts)
 A = Elapsed time spent in this place.
 B = Non-inter-level travel time spent in this place.
 C = Inter-level travel time spent in this place.
 D = Time resting spent in this place.
 E = Time spent auto-exploring this place.
 F = Levels seen in this place.
 G = Mean time per level.
                   A        B        C        D        E       F      G
               +--------+--------+--------+--------+--------+-----+--------+
         Total |  44313 |  42812 |   1501 |  13086 |  21487 |  28 | 1582.6 |
       Dungeon |  24403 |  23330 |   1073 |   6433 |  13034 |  15 | 1626.9 |
          Lair |   8614 |   8389 |    225 |   2238 |   4719 |   5 | 1722.8 |
   Spider Nest |   5319 |   5243 |     76 |   2136 |   1804 |   4 | 1329.8 |
  Orcish Mines |   3854 |   3728 |    126 |   1659 |   1089 |   2 | 1927.0 |
      Ice Cave |   1493 |   1493 |      0 |    205 |    813 |   1 | 1493.0 |
       Volcano |    629 |    629 |      0 |    412 |     28 |   1 |  629.0 |
               +--------+--------+--------+--------+--------+-----+--------+

Top non-repeatable levels by time:
    D:11: 3236 daAuts
    D:12: 2696 daAuts
    D:10: 2618 daAuts
   Orc:1: 2502 daAuts
     D:8: 2151 daAuts
  Lair:1: 2079 daAuts
  Lair:5: 2040 daAuts
Spider:3: 1992 daAuts
  Lair:2: 1947 daAuts
     D:6: 1825 daAuts
  Lair:3: 1778 daAuts
     D:5: 1605 daAuts
     D:7: 1572 daAuts
    D:13: 1549 daAuts
Spider:1: 1529 daAuts

Table legend:
 A = Non-vault XP
 B = Vault XP
 C = Vault XP percentage of total XP
 D = Non-vault monster count
 E = Vault monster count
 F = Vault count percentage of total count
                 A         B        C        D         E       F
            +---------+---------+-------+---------+---------+-------
      Total |  153611 |   84247 |  35.4 |     645 |     296 |  31.5
            +---------+---------+-------+---------+---------+-------
        D:1 |      23 |       0 |   0.0 |      15 |       0 |   0.0
        D:2 |      46 |     214 |  82.3 |      19 |       1 |   5.0
        D:3 |      40 |      36 |  47.4 |      17 |       1 |   5.6
        D:4 |     278 |      16 |   5.4 |      13 |       3 |  18.8
        D:5 |     740 |     169 |  18.6 |      19 |       1 |   5.0
        D:6 |     815 |     659 |  44.7 |      19 |       4 |  17.4
        D:7 |    1084 |       0 |   0.0 |      23 |       0 |   0.0
        D:8 |     886 |    3624 |  80.4 |      18 |       9 |  33.3
        D:9 |    1953 |    1178 |  37.6 |      22 |       4 |  15.4
       D:10 |    2612 |    1821 |  41.1 |      24 |       6 |  20.0
       D:11 |    8968 |       0 |   0.0 |      37 |       0 |   0.0
       D:12 |    7667 |    2575 |  25.1 |      28 |       8 |  22.2
       D:13 |    7288 |    1815 |  19.9 |      19 |       4 |  17.4
       D:14 |   13258 |    1161 |   8.1 |      26 |       1 |   3.7
       D:15 |   10176 |    2954 |  22.5 |      21 |       3 |  12.5
     Lair:1 |    2476 |    3746 |  60.2 |      12 |      13 |  52.0
     Lair:2 |    7465 |    1533 |  17.0 |      24 |       1 |   4.0
     Lair:3 |   12508 |     609 |   4.6 |      42 |      13 |  23.6
     Lair:4 |    4347 |     222 |   4.9 |      18 |       8 |  30.8
     Lair:5 |    9437 |   12008 |  56.0 |      33 |      41 |  55.4
   Spider:1 |   15841 |    3680 |  18.9 |      45 |      13 |  22.4
   Spider:2 |   17922 |    8552 |  32.3 |      41 |      14 |  25.5
   Spider:3 |   11947 |     232 |   1.9 |      26 |       1 |   3.7
   Spider:4 |    7787 |     471 |   5.7 |      21 |       2 |   8.7
      Orc:1 |    6609 |    7017 |  51.5 |      46 |      37 |  44.6
      Orc:2 |    1438 |    6494 |  81.9 |      17 |      44 |  72.1
      IceCv |       0 |   19241 | 100.0 |       0 |      51 | 100.0
    Volcano |       0 |    4220 | 100.0 |       0 |      13 | 100.0
            +---------+---------+-------+---------+---------+-------
